Map: Ever Dream LE

Players

RagendraDas - Winner!

  • Race: Protoss Protoss
  • League: Silver
  • Spawn Location: 1:00

antagomiR

  • Race: Protoss Protoss
  • League: Gold
  • Spawn Location: 7:00

VOD

Have the link to the VOD?

Description

Time

  • Played on: April 11, 2020, 7:01 p.m.
  • Length: 17:46
Show
View Real Time Build Order
Export as new Build Order

RagendraDas Protoss - Winner!

Build Orders: 1 Gate Expand, Oracle Opening, Carriers 

Get SALT Encoding   

  12  0:04  Probe  
  13  0:20  Pylon  
  13  0:21  Probe  
  14  0:33  Probe  
  15  0:42  Gateway  
  15  0:46  Assimilator  
  15  0:47  Probe  
  16  0:59  Probe  
  18  1:11  Probe  
  18  1:31  Nexus  
  18  1:37  Pylon  
  18  1:42  Probe (Chrono Boost), Cybernetics Core  
  20  1:54  Probe (Chrono Boost)  
  20  1:57  Assimilator  
  20  2:00  Probe (Chrono Boost)  
  21  2:09  Probe  
  21  2:11  Gateway  
  21  2:13  Gateway  
  22  2:21  Probe  
  23  2:32  Gateway  
  23  2:39  Probe, Stargate  
  24  2:45  Stalker  
  26  2:52  Probe  
  26  2:53  Probe  
  28  3:05  Pylon  
  28  3:06  Probe x2  
  28  3:07  Warp Gate (Chrono Boost)  
  30  3:14  Adept  
  32  3:21  Oracle (Chrono Boost)  
  35  3:27  Probe  
  35  3:30  Adept  
  38  3:34  Probe  
  39  3:42  Probe  
  39  3:46  Probe  
  39  3:48  Oracle  
  44  4:00  Probe, Assimilator  
  44  4:01  Probe  
  46  4:03  Assimilator  
  46  4:05  Shield Battery  
  46  4:07  Shield Battery  
  46  4:13  Stalker (Chrono Boost)  
  46  4:51  Probe  
  46  4:52  Probe  
  48  4:53  Adept x3  
  54  5:06  Pylon  
  54  5:15  Pylon  
  54  5:16  Protoss Air Weapons Level 1 (Chrono Boost)  
  54  5:19  Pylon  
  54  5:23  Pylon  
  54  5:24  Probe x2, Void Ray  
  54  5:25  Pylon  
  60  5:45  Probe x2  
  60  6:01  Adept x3  
  60  6:02  Adept  
  61  6:25  Robotics Facility  
  61  6:27  Void Ray  
  61  6:30  Adept x4  
  73  6:34  Probe x2  
  65  7:07  Adept x2  
  65  7:08  Adept x2  
  68  7:13  Immortal (Chrono Boost)  
  72  7:29  Probe x2  
  74  7:41  Probe  
  74  7:42  Probe  
  74  7:54  Probe  
  75  8:06  Nexus  
  75  8:11  Pylon  
  75  8:14  Pylon  
  75  8:20  Probe x2, Pylon  
  75  8:24  Pylon  
  75  8:26  Pylon  
  77  8:34  Pylon  
  77  8:36  Void Ray  
  77  8:37  Immortal  
  77  8:39  Pylon, Assimilator  
  85  8:44  Pylon, Assimilator  
  85  8:50  Gateway  
  85  8:52  Gateway x2  
  86  8:55  Probe x2  
  86  9:01  Pylon  
  87  9:04  Pylon  
  87  9:08  Robotics Facility  
  87  9:09  Robotics Facility  
  77  9:20  Adept x4  
  66  9:42  Adept x4  
  70  9:57  Immortal  
  62  10:19  Fleet Beacon  
  54  10:26  Protoss Air Armor Level 1  
  54  10:30  Gateway  
  54  10:31  Gateway  
  54  10:34  Gateway  
  54  10:36  Gateway  
  54  10:39  Shield Battery  
  54  10:41  Shield Battery  
  54  10:42  Immortal  
  58  10:44  Shield Battery  
  58  10:47  Void Ray  
  62  10:52  Stalker x2  
  62  10:53  Stalker x5  
  76  11:03  Forge  
  76  11:05  Forge  
  76  11:10  Stargate  
  76  11:14  Stargate  
  76  11:16  Stalker x2  
  76  11:17  Stalker x4  
  80  11:28  Adept x2  
  70  11:47  Carrier (Chrono Boost)  
  69  11:48  Immortal  
  77  12:01  Carrier (Chrono Boost)  
  77  12:03  Protoss Shields Level 1 (Chrono Boost)  
  77  12:06  Protoss Ground Weapons Level 1 (Chrono Boost)  
  89  12:10  Carrier (Chrono Boost)  
  89  12:19  Probe x3  
  92  12:31  Probe  
  92  12:34  Pylon  
  93  12:37  Pylon  
  93  12:41  Pylon  
  93  12:45  Probe x3, Shield Battery  
  93  12:47  Carrier  
  93  12:48  Shield Battery  
  93  12:51  Adept x2, Shield Battery  
  104  12:54  Sentry  
  104  12:55  Sentry  
  104  12:57  Sentry  
  112  13:03  Probe x3  
  115  13:18  Twilight Council  
  115  13:29  Tempest, Protoss Air Weapons Level 2 (Chrono Boost)  
  120  13:46  Nexus  
  120  13:51  Pylon  
  120  13:56  Pylon  
  120  14:00  Pylon  
  120  14:05  Probe x3  
  123  14:11  Carrier  
  123  14:13  Protoss Shields Level 2 (Chrono Boost)  
  129  14:17  Probe  
  130  14:29  Immortal (Chrono Boost)  
  134  14:37  Gateway  
  134  14:38  Gateway  
  134  14:59  Carrier  
  138  15:04  Immortal (Chrono Boost)  
  138  15:11  Protoss Ground Weapons Level 2 (Chrono Boost)  
  138  15:12  Carrier  
  144  15:32  Carrier  
  144  15:35  Probe x2  
  152  15:52  Immortal  
  156  16:07  Carrier  
  152  16:48  Immortal  
  156  17:12  Adept x5  
  156  17:13  Adept x4  
  156  17:14  Adept x2  
  178  17:22  Probe x4  
  173  17:30  Pylon  
Show
View Real Time Build Order
Export as new Build Order

antagomiR Protoss 

Build Orders: Blink Stalkers 

Get SALT Encoding   

  12  0:01  Probe  
  13  0:15  Probe  
  13  0:21  Pylon  
  14  0:28  Probe  
  15  0:40  Gateway  
  15  0:44  Probe  
  16  0:53  Assimilator  
  16  0:56  Probe  
  17  1:08  Probe  
  18  1:20  Probe  
  18  1:21  Assimilator  
  19  1:34  Probe  
  19  1:37  Cybernetics Core  
  20  1:42  Pylon  
  20  2:03  Probe (Chrono Boost)  
  20  2:08  Warp Gate (Chrono Boost)  
  21  2:13  Probe (Chrono Boost)  
  22  2:16  Nexus  
  22  2:18  Probe (Chrono Boost)  
  22  2:22  Twilight Council  
  23  2:29  Probe  
  24  2:42  Probe, Stalker  
  27  2:54  Probe  
  27  2:58  Pylon  
  28  3:01  Blink  
  28  3:03  Pylon  
  28  3:06  Probe  
  29  3:15  Stalker (Chrono Boost)  
  29  3:18  Probe  
  32  3:30  Probe, Gateway  
  32  3:31  Probe  
  34  3:42  Probe  
  34  3:43  Probe  
  34  3:47  Gateway  
  36  3:54  Probe  
  36  3:55  Probe  
  38  4:06  Probe  
  38  4:07  Probe  
  40  4:15  Stalker  
  42  4:18  Probe  
  42  4:19  Probe  
  44  4:30  Probe  
  43  4:39  Probe  
  43  4:43  Probe  
  45  4:48  Assimilator  
  45  4:49  Stalker x2  
  45  4:50  Pylon, Assimilator, Stalker  
  45  4:51  Probe  
  52  5:01  Robotics Facility  
  52  5:02  Probe  
  52  5:03  Probe  
  54  5:09  Gateway  
  54  5:14  Probe  
  54  5:16  Probe  
  54  5:18  Stalker x2  
  54  5:19  Stalker  
  62  5:26  Probe  
  62  5:28  Probe  
  64  5:37  Forge  
  54  5:43  Stalker x3  
  54  5:44  Pylon  
  47  6:18  Probe x2  
  47  6:21  Stalker  
  47  6:22  Stalker x3  
  56  6:30  Probe  
  57  6:34  Photon Cannon  
  57  6:35  Probe  
  57  6:36  Pylon  
  58  6:42  Probe  
  59  6:48  Probe  
  59  6:52  Shield Battery  
  56  7:01  Stalker  
  56  7:02  Stalker x2  
  54  7:20  Probe x2  
  56  7:31  Stalker x2  
  56  7:32  Probe x2, Stalker x2  
  65  7:44  Probe  
  65  7:45  Probe, Photon Cannon  
  67  7:55  Protoss Ground Weapons Level 1 (Chrono Boost)  
  67  7:56  Probe  
  67  7:57  Probe  
  69  8:02  Sentry  
  69  8:03  Sentry  
  69  8:04  Stalker x2  
  77  8:09  Probe  
  78  8:41  Pylon  
  78  8:42  Pylon  
  78  8:57  Pylon  
  78  8:59  Probe x2, Immortal  
  84  9:11  Probe x2  
  86  9:18  Nexus  
  86  9:23  Probe x2  
  86  9:31  Pylon  
  86  9:35  Probe x2, Pylon  
  84  9:43  Stalker x4  
  92  9:47  Immortal  
  92  9:48  Probe  
  95  10:09  Shield Battery  
  95  10:12  Pylon  
  93  10:21  Stalker x3  
  91  10:22  Stalker  
  91  10:27  Immortal  
  101  10:31  Probe x2  
  103  10:40  Pylon  
  103  10:51  Stalker x3  
  109  10:59  Probe x2  
  109  11:00  Probe  
  112  11:09  Photon Cannon  
  112  11:11  Probe  
  83  11:58  Immortal  
  83  12:03  Probe  
  84  12:09  Assimilator  
  84  12:15  Probe  
  84  12:16  Probe  
  84  12:21  Protoss Ground Weapons Level 2 (Chrono Boost)  
  86  12:32  Probe  
  86  12:33  Probe  
  88  12:37  Immortal (Chrono Boost)  
  92  12:49  Templar Archives  
  92  13:01  Sentry x3  
  92  13:03  Sentry  
  100  13:13  Immortal (Chrono Boost)  
  100  13:19  Charge (Chrono Boost)  
  104  13:28  Probe x3  
  107  13:34  Assimilator  
  107  13:40  Probe x3  
  110  13:45  Immortal, Zealot x2  
  110  13:46  Zealot x2  
  122  13:57  Gateway  
  122  14:00  Gateway x2  
  122  14:08  Gateway  
  122  14:10  Zealot x2  
  122  14:11  Gateway, Zealot x2  
  130  14:18  Probe x3  
  127  15:06  High Templar x2  
  127  15:07  High Templar x5  
  123  15:08  High Templar x2  
  123  15:10  Archon  
  123  15:11  Archon x2  
  123  15:12  Archon  
  135  15:14  Immortal (Chrono Boost)  
  135  15:20  Nexus  
  139  15:23  Pylon  
  139  15:26  Pylon  
  139  15:44  Photon Cannon  
  139  15:47  Photon Cannon, Observer (Chrono Boost)  
  140  15:55  Shield Battery  
  140  15:56  Shield Battery  
  140  15:57  Shield Battery  
  140  16:01  Photon Cannon  
  140  16:04  Photon Cannon  
  140  16:05  Immortal, Photon Cannon  
  140  16:09  Pylon  
  144  16:13  Zealot x3  
  126  16:27  Stalker x3  
  126  16:28  Stalker x3  
  80  16:48  Zealot x3  
  79  17:01  Stalker x2  
  79  17:02  Stalker x4  
  90  17:11  Stargate  
  90  17:13  Stargate  
  90  17:21  Stargate  
Tags
 
Add a new tag
Caveats
  • Supply blocks, unpowered buildings, or Contaminate may cause inaccurate times.
  • Supply counts are checked every 10 seconds.